 Dungeon Crawl Stone Soup version 0.26-a0-708-g17f3b190f9 (webtiles) character file.

Game seed: 14095901917815204508

21 robertstho the Skirmisher (level 2, 0/25 HPs)
             Began as a Demonspawn Abyssal Knight on Oct 28, 2020.
             Was a Follower of Lugonu.
             Killed from afar by a dart slug (7 damage)
             ... with a slug dart
             ... on level 1 of the Dungeon.
             The game lasted 00:00:50 (987 turns).

robertstho the Skirmisher (DsAK)                     Turns: 987, Time: 00:00:50

Health: 0/25       AC:  3    Str: 12      XL:     2   Next: 65%
Magic:  3/3        EV: 11    Int: 13      God:    Lugonu [*.....]
Gold:   19         SH:  0    Dex: 11 (12) Spells: 1/1 levels left

rFire    . . .     SeeInvis .   a - +1 falchion
rCold    . . .     Faith    .   (no shield)
rNeg     . . .     Spirit   .   b - +0 leather armour
rPois    .         Reflect  .   (no helmet)
rElec    .         Harm     .   (no cloak)
rCorr    .         Rampage  .   (no gloves)
MR       .....                  (no boots)
Stlth    +.........             (no amulet)
HPRegen  0.00/turn              (no ring)
MPRegen  0.08/turn              (no ring)

@: no status effects
A: deterioration 1, inhibited regeneration, rot immunity
a: Depart the Abyss, Renounce Religion


You were on level 1 of the Dungeon.
You worshipped Lugonu.
Lugonu was aware of your devotion.
You visited 1 branch of the dungeon, and saw 1 of its levels.
You visited the Abyss 1 time.

You collected 19 gold pieces.

Inventory:

Hand Weapons
 a - a +1 falchion (weapon)
Armour
 b - a +0 leather armour (worn)
Scrolls
 c - a scroll of enchant weapon {unknown}
 d - a scroll of teleportation {unknown}
Potions
 e - 2 potions of stabbing {unknown}


   Skills:
 * Level 3.7 Fighting
 + Level 2.1 Long Blades
 + Level 1.8 Armour
 + Level 0.8 Dodging
 + Level 0.2 Stealth
 * Level 2.4 Invocations


You had one spell level left.
You didn't know any spells.
Your spell library was empty.

Dungeon Overview and Level Annotations

Branches:
Dungeon (1/15)

Altars:


Innate Abilities, Weirdness & Mutations

You are immune to rotting.
Your body sometimes deteriorates upon taking damage.
You do not regenerate when monsters are visible.


Message History

You kill the hobgoblin!
Lugonu accepts your kill.
You feel your strength returning.
You hear a shout!
Things that are here:
a +0 club; a +0 hunting sling; a hobgoblin corpse The goblin hits you with a +0 club.
* * * LOW HITPOINT WARNING * * *
You hit the goblin.
You kill the goblin!
Lugonu accepts your kill.
A dart slug comes into view.
A goblin comes into view. It is wielding a +0 club.
Things that are here:
a +0 club; a scroll labeled INI DESHEJ; a goblin corpse A jackal comes into view.
The jackal barks!
The dart slug launches a dart at you. The slug dart hits you!
You die...

#.# #.#.# #..# #.# #####.
. #.# #.#.# #..#####.# ##
.###.# #.#.# #.w.).)..# #
.....###.#.#####..#######
# ?........†...).....# #
...........######.## #
###.####.### #.# ####
#........########.# #...
....##..........@.# #.##
###.##............#
#####.##
##.############.#
#......# ##.# #.#
#.###..# #.# #.# #.# #..#
##.# #.# #.# #... ##.##
#### #h# #.# #.## ###.##
#..### .# #.###.##
....#####.##.# #.......


You could see a dart slug and a jackal.

Vanquished Creatures
  A leopard gecko (D:1)
  3 goblins (D:1)
  3 hobgoblins (D:1)
  4 jackals (D:1)
  3 frilled lizards (D:1)
  5 rats (D:1)
19 creatures vanquished.

Notes
Turn   | Place    | Note
-------+----------+-------------------------------------------
     0 | Abyss:1  | robertstho the Demonspawn Abyssal Knight began the quest
                  | for the Orb.
     0 | Abyss:1  | Reached XP level 1. HP: 18/18 MP: 2/2
    38 | Abyss:1  | Found a corrupted altar of Lugonu.
   100 | Abyss:1  | Noticed a neqoxec
   101 | Abyss:1  | Gained mutation: You do not regenerate when monsters are
                  | visible. [a neqoxec]
   103 | Abyss:1  | Noticed a crimson imp
   103 | Abyss:1  | Gained mutation: Your body sometimes deteriorates upon
                  | taking damage. [a neqoxec]
   104 | D:1      | Escaped the Abyss
   396 | D:1      | Gained mutation: You are immune to rotting. [demonic
                  | ancestry]
   396 | D:1      | Reached XP level 2. HP: 23/24 MP: 3/3
   926 | D:1      | Reached * piety under Lugonu
   987 | D:1      | Killed from afar by a dart slug

Illustrated notes

Levels and vault maps discovered:
D:1:      elethiomel_arrival_shortcut, layout_loops_ring,
          chequers_decorated_corner, amethyst_killhole

Skill      XL: |  1 |
---------------+----+-----
Long Blades    | 2 |  2.1
Fighting       | |  3.7
Armour         | |  1.8
Dodging        | |  0.8
Stealth        | |  0.2
Invocations    | |  2.4

Action                   || total
-------------------------++-------
Melee: Falchion          ||    49
Invok: Depart the Abyss  ||     1
Armor: Leather armour    ||     7
Dodge: Dodged            ||    22
       Rpst.: Falchion   ||     6

Table legend: (Time is in decaauts)
 A = Elapsed time spent in this place.
 B = Non-inter-level travel time spent in this place.
 C = Inter-level travel time spent in this place.
 D = Time resting spent in this place.
 E = Time spent auto-exploring this place.
 F = Levels seen in this place.
 G = Mean time per level.
                   A        B        C        D        E       F      G
               +--------+--------+--------+--------+--------+-----+--------+
         Total |    996 |    996 |      0 |      0 |    856 |   2 |  498.0 |
       Dungeon |    892 |    892 |      0 |      0 |    758 |   1 |  892.0 |
         Abyss |    104 |    104 |      0 |      0 |     98 |   1 |  104.0 |
               +--------+--------+--------+--------+--------+-----+--------+

Top non-repeatable levels by time:
     D:1: 892 daAuts
 Abyss:1: 104 daAuts
